Map: Frost LE

Players

Zerghamdi

  • Race: Zerg Zerg
  • League: Master

Stephano - Winner!

  • Race: Zerg Zerg
  • League: Master

VOD

https://www.youtube.com/channel/UCcSgNfDNxvyisU-eCj9xyNg/playlists

Description

Time

  • Played on: Aug. 27, 2016, 6:31 a.m.
  • Length: 11:44
Show
View Real Time Build Order
Export as new Build Order

Zerghamdi Zerg 

Build Orders: Pool First 

Get SALT Encoding   

  12  0:18  Spawning Pool  
  11  0:22  Drone  
  11  0:27  Drone  
  13  0:31  Drone  
  14  0:43  Overlord  
  14  1:05  Zergling x4  
  14  1:07  Queen, Zergling x2  
  19  1:16  Zergling x2  
  20  1:27  Zergling x2  
  21  1:38  Hatchery  
  20  1:42  Zergling x2  
  21  1:51  Zergling x2  
  22  2:05  Overlord  
  21  2:24  Drone x3  
  21  2:25  Drone  
  23  2:31  Drone  
  23  2:34  Queen  
  26  2:42  Drone  
  23  2:59  Drone x2  
  23  3:01  Queen  
  23  3:04  Zergling x4  
  29  3:10  Spine Crawler  
  28  3:13  Queen  
  28  3:16  Extractor  
  28  3:17  Drone  
  30  3:21  Zergling x2  
  30  3:25  Drone  
  32  3:28  Drone x2  
  32  3:34  Zergling x4  
  33  3:51  Drone x3  
  33  3:52  Overlord  
  36  4:11  Drone x6  
  36  4:12  Drone  
  36  4:15  Extractor  
  42  4:19  Drone  
  43  4:25  Evolution Chamber  
  43  4:26  Drone x2  
  43  4:30  Overlord  
  43  4:40  Lair  
  41  4:47  Evolution Chamber  
  41  4:48  Evolution Chamber  
  39  4:59  Drone x4  
  44  5:00  Drone x5  
  44  5:03  Extractor  
  44  5:06  Drone x2  
  49  5:08  Drone  
  49  5:12  Overlord  
  50  5:19  Extractor  
  49  5:29  Overlord x3  
  49  5:35  Spine Crawler  
  49  5:37  Spine Crawler  
  49  5:40  Spire  
  49  5:41  Zergling x2  
  47  5:50  Metabolic Boost  
  47  5:57  Drone  
  47  5:58  Drone  
  49  6:06  Zerg Melee Weapons Level 1  
  49  6:07  Zerg Ground Armor Level 1  
  49  6:13  Drone x4  
  49  6:15  Overlord  
  49  6:17  Zergling x6  
  55  6:20  Zergling x2  
  56  6:34  Hatchery  
  55  6:42  Zergling x8  
  55  6:43  Zergling x4  
  55  6:46  Zergling x2  
  62  6:49  Zergling x4  
  62  6:51  Zergling x2  
  62  6:53  Zergling x2  
  66  6:57  Zergling x2  
  67  7:04  Zergling x4  
  67  7:05  Zergling x2  
  67  7:07  Zergling x2  
  71  7:16  Zergling x8  
  71  7:20  Overlord  
  71  7:21  Overlord  
  71  7:22  Zerg Flyer Weapons Level 1  
  70  7:39  Mutalisk x4  
  70  7:43  Mutalisk x2  
  77  7:53  Mutalisk x3  
  77  7:56  Mutalisk x2  
  78  8:05  Mutalisk  
  78  8:09  Mutalisk  
  80  8:16  Zergling x4  
  80  8:17  Zergling x2  
  83  8:20  Overseer  
  81  8:28  Mutalisk  
  83  8:34  Mutalisk  
  83  8:38  Zergling x8  
  83  8:39  Hatchery  
  88  8:45  Zergling x2  
  88  8:47  Mutalisk  
  88  8:57  Zergling x8  
  88  9:01  Zergling x2  
  86  9:05  Mutalisk  
  84  9:18  Mutalisk x2  
  88  9:27  Hatchery, Mutalisk x2  
  91  9:37  Overlord  
  91  9:44  Zergling x4  
  93  9:50  Zergling x2  
  89  9:55  Mutalisk  
  91  10:05  Zergling x4  
  91  10:08  Mutalisk  
  91  10:09  Mutalisk x2  
  97  10:16  Mutalisk  
  97  10:27  Zergling x6  
  93  10:41  Zergling x4  
  88  10:44  Mutalisk  
  82  10:50  Mutalisk  
  82  10:56  Mutalisk  
Show
View Real Time Build Order
Export as new Build Order

Stephano Zerg - Winner!

Build Orders: Hatch First 

Get SALT Encoding   

  12  0:00  Drone  
  13  0:13  Overlord  
  13  0:18  Drone  
  14  0:31  Drone x2  
  14  0:35  Drone  
  17  0:52  Hatchery  
  17  0:55  Drone  
  17  0:59  Drone  
  18  1:08  Extractor  
  17  1:14  Spawning Pool  
  17  1:16  Drone  
  17  1:19  Drone  
  18  1:30  Drone  
  19  1:41  Overlord  
  19  1:55  Drone  
  19  2:00  Queen  
  22  2:02  Zergling x2  
  22  2:04  Zergling x2  
  22  2:07  Queen  
  26  2:09  Metabolic Boost  
  26  2:18  Zergling x2  
  25  2:28  Zergling x2  
  23  2:35  Zergling x2  
  23  2:41  Zergling x2  
  23  2:50  Drone  
  21  2:52  Drone  
  22  3:00  Drone x2  
  25  3:05  Drone  
  25  3:10  Drone  
  26  3:14  Drone  
  26  3:17  Drone  
  28  3:28  Drone x2  
  30  3:38  Drone  
  30  3:40  Drone x2  
  32  3:46  Drone  
  32  3:55  Overlord  
  32  3:56  Queen  
  32  3:59  Spine Crawler  
  32  4:06  Zergling x8  
  36  4:10  Overlord x2  
  36  4:26  Overlord, Evolution Chamber  
  36  4:27  Extractor  
  36  4:30  Drone x2  
  36  4:33  Drone x2  
  36  4:34  Drone x2  
  40  4:43  Drone  
  40  4:44  Drone x2  
  42  4:51  Evolution Chamber  
  41  4:55  Drone x2  
  43  5:05  Zergling x6  
  46  5:07  Zerg Ground Armor Level 1  
  46  5:09  Drone x2  
  48  5:19  Drone x3  
  51  5:25  Hatchery  
  50  5:32  Zerg Melee Weapons Level 1  
  50  5:38  Overlord, Drone x3  
  53  5:45  Zergling x6  
  55  5:58  Queen x2  
  55  6:01  Drone  
  55  6:02  Drone x3  
  63  6:08  Zergling x6  
  63  6:09  Zergling x2  
  67  6:19  Overlord  
  67  6:20  Overlord  
  67  6:38  Queen  
  69  6:42  Drone  
  69  6:43  Zergling x14  
  69  6:44  Spore Crawler  
  69  6:46  Spore Crawler  
  75  6:50  Queen  
  75  6:53  Zergling x10  
  82  7:02  Drone x2  
  82  7:07  Lair  
  84  7:10  Zergling x10  
  84  7:13  Spore Crawler  
  89  7:22  Zergling x2  
  89  7:23  Spine Crawler  
  87  7:37  Drone x2  
  89  7:39  Overlord  
  89  7:53  Overlord  
  89  7:54  Overlord x3  
  86  8:00  Hatchery  
  86  8:02  Zergling x28  
  97  8:16  Queen  
  97  8:17  Queen  
  101  8:28  Overlord  
  101  8:30  Spore Crawler  
  101  8:32  Drone x5  
  101  8:33  Zerg Melee Weapons Level 2, Zerg Ground Armor Level 2, Drone x2  
  107  8:37  Hatchery  
  106  8:44  Zergling x14  
  103  9:05  Drone  
  103  9:06  Drone x7  
  103  9:07  Drone x4  
  103  9:09  Spore Crawler  
  110  9:14  Drone x2  
  110  9:15  Infestation Pit  
  109  9:17  Queen  
  109  9:19  Queen  
  106  9:29  Zergling x2  
  106  9:30  Zergling x8  
  108  9:44  Zergling x8  
  108  9:45  Zergling x6  
  114  9:54  Hive  
  112  10:14  Queen x2  
  106  10:22  Overlord x3  
  106  10:23  Spore Crawler  
  106  10:24  Zergling x2, Spore Crawler  
  106  10:25  Zergling x24  
  106  10:26  Spore Crawler  
  98  10:39  Zergling x14  
  96  10:46  Drone x2  
  96  10:49  Spore Crawler  
  92  10:50  Queen x3  
  92  10:54  Spore Crawler x2  
  92  10:55  Spore Crawler  
  89  10:57  Drone x2  
  89  10:59  Drone x2  
  89  11:03  Drone x2  
  86  11:06  Drone  
  86  11:08  Drone  
  86  11:09  Drone  
  89  11:11  Drone  
  88  11:24  Zergling x12  
  91  11:30  Spore Crawler  
  90  11:36  Spore Crawler  
Tags
 
Add a new tag
Caveats
  • Supply blocks, unpowered buildings, or Contaminate may cause inaccurate times.
  • Supply counts are checked every 10 seconds.